 Dungeon Crawl Stone Soup version 0.28-a0-706-gf6f64a616a (webtiles) character file.

Game seed: 3689407519750158343

359 ytrimaz the Cutter (level 6, -10/49 HPs)
             Began as a Formicid Fighter on Oct 24, 2021.
             Mangled by Duvessa (15 damage)
             ... on level 4 of the Dungeon.
             The game lasted 00:05:12 (3347 turns).

ytrimaz the Cutter (Formicid Fighter)               Turns: 3347, Time: 00:05:13

Health: -10/49     AC:  7    Str: 23    XL:     6   Next: 97%
Magic:  6/6        EV:  9    Int:  7    God:
Gold:   169        SH:  4    Dex: 10    Spells: 5/5 levels left

rFire   . . .      SeeInvis +   h - +0 rapier (vamp)
rCold   . . .      Faith    .   c - +0 buckler
rNeg    . . .      Spirit   .   b - +0 scale mail
rPois   +          Reflect  .   (helmet unavailable)
rElec   .          Harm     .   (no cloak)
rCorr   .          Rampage  .   (no gloves)
Will    .....                   (no boots)
Stlth   ..........              (no amulet)
HPRegen 0.16/turn               f - ring of poison resistance
MPRegen 0.10/turn               (no ring)

@: no status effects
A: permanent stasis, dig shafts and tunnels, antennae 3, four strong arms
a: Dig, Shaft Self


You were on level 4 of the Dungeon.
You visited 1 branch of the dungeon, and saw 4 of its levels.

You collected 169 gold pieces.

Inventory:

Hand Weapons
 a - a +0 war axe
 h - a +0 vampiric rapier (weapon)
Armour
 b - a +0 scale mail (worn)
 c - a +0 buckler (worn)
Jewellery
 f - a ring of poison resistance (left hand)
Scrolls
 m - a scroll of torment
Potions
 d - a potion of flight {unknown}
 e - a potion of mutation
 g - a potion of heal wounds {unknown}
 i - a potion of degeneration {unknown}
 j - a potion of cancellation {unknown}
 k - a potion of attraction {unknown}


   Skills:
 + Level 4.4 Fighting
 * Level 4.7 Short Blades
 - Level 2.3 Axes
 + Level 4.6 Armour
 - Level 3.6 Shields


You had 5 spell levels left.
You didn't know any spells.
Your spell library contained the following spells:

 Spells                   Type           Power      Damage    Failure   Level
 Animate Skeleton         Necr           0%         N/A       75%         1
 Apportation              Tloc           0%         N/A       75%         1
 Summon Small Mammal      Summ           0%         N/A       75%         1
 Petrify                  Tmut/Erth      0%         N/A       100%        4
 Metabolic Englaciation   Hex/Ice        0%         N/A       100%        5
 Statue Form              Tmut/Erth      0%         N/A       100%        6


Dungeon Overview and Level Annotations

Branches:
Dungeon (4/15)
 Temple: D:4-7

Altars:
Cheibriados
Elyvilon
Gozag
Kikubaaqudgha

Annotations:
D:4 Duvessa


Innate Abilities, Weirdness & Mutations

You cannot be hasted, slowed, berserked, paralysed or teleported.
You can dig through walls and to a lower floor.
You have a pair of large antennae on your head. (SInv)
Your four strong arms can wield two-handed weapons with a shield.


Message History

You hit Dowan.
You feel better.
Dowan is almost dead.
Dowan hits you but does no damage.
You hit Dowan.
You feel better.
You kill Dowan!
You hear a distant scream of rage.
Unknown command.
You extend your mandibles.
You dig through the rock wall.
You dig through the rock wall.
You retract your mandibles.
There is a stone staircase leading up here.
There is a stone staircase leading up here.
You climb upwards.
There is a stone staircase leading down here.
You start resting.
HP restored.
You climb downwards.
You hear the sound of rushing water.
There is an entrance to a sewer on this level.
Hurry and find it before the portal rusts away!
Level annotation: Duvessa You hear the slow rusting of a very distant drain.
There is a stone staircase leading up here.
Things that are here:
a +1 robe of willpower; a +0 dagger A hobgoblin comes into view.
A hobgoblin is nearby!
Duvessa shouts!
Duvessa goes berserk!
Duvessa hits you with a +0 rapier!! Duvessa closely misses you.
Duvessa hits you with a +0 rapier!
Found a stone staircase leading up.
Are you sure you want to shaft yourself?
Duvessa hits you with a +0 rapier!
* * * LOW HITPOINT WARNING * * *
Duvessa barely misses you.
You begin to dig a shaft.
You continue digging a shaft.
Duvessa hits you with a +0 rapier!
You die...

.?......
#..#.......#
#...####.##.......#
#...)..........##
#...##.##.<....##
###.##.##.......#
#.##.##.......#
#..#.#........#
##eg..##.....##
#@.#####...## #..#
#### #..# #..# ##..
#... #... <..#


You could see Duvessa (berserk) and a hobgoblin.

Vanquished Creatures
  Sigmund (D:2)
  Dowan (D:4)
  Jessica (D:2)
  Terence (D:2)
  5 adders
  A worm (D:2)
  A dart slug (D:1)
  3 orcs (D:2)
  5 endoplasms
  6 giant cockroaches
  4 goblins
  3 hobgoblins
  2 quokkas (D:1)
  6 ball pythons
  4 bats
  3 frilled lizards
  7 kobolds
  4 rats
58 creatures vanquished.

Notes
Turn   | Place    | Note
-------+----------+-------------------------------------------
     0 | D:1      | ytrimaz the Formicid Fighter began the quest for the Orb.
     0 | D:1      | Reached XP level 1. HP: 18/18 MP: 1/1
   208 | D:1      | Reached XP level 2. HP: 21/24 MP: 2/2
   645 | D:1      | Reached XP level 3. HP: 26/30 MP: 3/3
  1066 | D:2      | Noticed Sigmund
  1085 | D:2      | You fall into a shaft and drop 1 floor!
  1363 | D:2      | Reached skill level 1 in Short Blades
  1408 | D:2      | Reached XP level 4. HP: 31/37 MP: 4/4
  1427 | D:2      | Killed Sigmund
  1428 | D:2      | Reached XP level 5. HP: 42/42 MP: 5/5
  1428 | D:2      | Reached XP level 6. HP: 48/48 MP: 6/6
  1682 | D:2      | Noticed Jessica
  1683 | D:2      | Noticed Terence
  1707 | D:2      | Killed Terence
  1712 | D:2      | Killed Jessica
  2202 | D:2      | Found an opulent altar of Gozag.
  2523 | D:3      | Found an ancient bone altar of Kikubaaqudgha.
  2524 | D:3      | Found a white marble altar of Elyvilon.
  2539 | D:3      | Found a snail-covered altar of Cheibriados.
  3208 | D:4      | Noticed Dowan
  3209 | D:4      | Noticed Duvessa
  3247 | D:4      | Killed Dowan
  3347 | D:4      | Mangled by Duvessa

Illustrated notes

Levels and vault maps discovered:
D:1:      minmay_arrival_shattered_statue, layout_basic,
          amcnicky_mini_corridor_feature
D:2:      layout_basic, basic_altar, minmay_cupped, uniq_sigmund, uniq_terence,
          uniq_jessica
D:3:      layout_loops_ring, overflow_temple_1_default,
          mainiacjoe_overflow_divided_tiny, chequers_serial_rivers_micro_a
D:4:      layout_rooms, mainiacjoe_overflow_catwalk_spiral,
          lightli_sewer_entry_pipes, uniq_duvessa

Skill      XL: |  1  2  3  4  5  6 |
---------------+-------------------+-----
Short Blades   | 1 3 4 |  4.7
Fighting       | 4 |  4.4
Armour         | 4 |  4.6
Axes           | |  2.3
Shields        | |  3.6

Action                   |  1- 3 |  4- 6 || total
-------------------------+-------+-------++-------
Melee: War axe           |    31 |       ||    31
       Rapier            |    62 |   127 ||   189
 Abil: Dig               |     2 |     1 ||     3
       Shaft Self        |     1 |     1 ||     2
  Use: Scroll            |     1 |     4 ||     5
       Potion            |       |     1 ||     1
Armor: Scale mail        |    52 |    52 ||   104
       Skin              |       |    22 ||    22
Dodge: Dodged            |    64 |    48 ||   112
Block: Buckler           |    26 |    27 ||    53

Table legend: (Time is in decaauts)
 A = Elapsed time spent in this place.
 B = Non-inter-level travel time spent in this place.
 C = Inter-level travel time spent in this place.
 D = Time resting spent in this place.
 E = Time spent auto-exploring this place.
 F = Levels seen in this place.
 G = Mean time per level.
                   A        B        C        D        E       F      G
               +--------+--------+--------+--------+--------+-----+--------+
         Total |   3372 |   3256 |    116 |    448 |   2127 |   4 |  843.0 |
       Dungeon |   3372 |   3256 |    116 |    448 |   2127 |   4 |  843.0 |
               +--------+--------+--------+--------+--------+-----+--------+

Top non-repeatable levels by time:
     D:2: 1264 daAuts
     D:3: 1048 daAuts
     D:1: 960 daAuts
     D:4: 98 daAuts
